[Event "WSTCC-65 2024"]
[Site "Krakow"]
[Date "2024.07.04"]
[Round "3.11"]
[White "Van Herck, Marcel"]
[Black "Van Kemenade, Rudy"]
[Result "1-0"]
[ECO "B08"]
[WhiteElo "1942"]
[BlackElo "1960"]
[Annotator "NA RC"]
[PlyCount "87"]
[EventDate "2024.07.01"]
[EventType "team-tourn"]
[EventCountry "POL"]
[SourceTitle "playchess.com"]
[Source "ChessBase"]
[SourceQuality "1"]
[TimeControl "40/5400+30:1800+30"]

1. e4 g6 2. d4 Bg7 3. Nc3 d6 4. Nf3 Nf6 5. Be2 O-O 6. O-O Bg4 7. Be3 Nc6 8. Qd2 e5 9. dxe5 dxe5 10. Rad1 Qxd2 11. Rxd2 a6 12. h3 Bxf3 13. Bxf3 Rfd8 14. Rfd1 Bf8 15. Rxd8 Rxd8 16. Rxd8 Nxd8 17. Bg5 Be7 18. Bxf6 Bxf6 19. Nd5 Bg5 20. Nxc7 Bc1 21. b3 Nc6 22. c3 Ne7 23. Ne8 Bb2 24. Nf6+ Kg7 25. Nd7 Bxc3 26. Nc5 Nc6 27. Nxb7 Nb4 28. Be2 Nxa2 29. Bxa6 Nb4 30. Bc4 f5 31. Nd6 Kf6 32. Kf1 Nc6 33. Ke2 Bb4 34. Ne8+ Kg5 35. Bd5 Nd4+ 36. Kd3 Be1 37. exf5 gxf5 38. Ke3 Bb4 39. f4+ Kg6 40. fxe5 Bc5 41. Kd3 Ba7 42. Nd6 Kg5 43. e6 Kf6 44. e7 1-0

[Event "WSTCC-65 2024"]
[Site "Krakow"]
[Date "2024.07.04"]
[Round "3.12"]
[White "Vinke, Dietmar"]
[Black "Roos, Jean-Luc"]
[Result "1/2-1/2"]
[ECO "D30"]
[WhiteElo "2097"]
[BlackElo "2161"]
[Annotator "RC"]
[PlyCount "29"]
[EventDate "2024.07.01"]
[EventType "team-tourn"]
[EventCountry "POL"]
[SourceTitle "playchess.com"]
[Source "ChessBase"]
[SourceQuality "1"]
[TimeControl "40/5400+30:1800+30"]

1. d4 d5 2. c4 e6 3. Nf3 Nf6 4. g3 Bb4+ 5. Bd2 Be7 6. Bg2 O-O 7. Nc3 c6 8. b3 b6 9. Qc2 Bb7 10. O-O Nbd7 11. Rad1 Rc8 12. e4 dxe4 13. Nxe4 c5 14. Nxf6+ Nxf6 15. dxc5 1/2-1/2

[Event "WSTCC-65 2024"]
[Site "Krakow"]
[Date "2024.07.04"]
[Round "3.12"]
[White "Quinn, Peter"]
[Black "Aragones-Melhem, Georgy"]
[Result "0-1"]
[ECO "B32"]
[WhiteElo "1744"]
[BlackElo "2079"]
[Annotator "NA RC"]
[PlyCount "112"]
[EventDate "2024.07.01"]
[EventType "team-tourn"]
[EventCountry "POL"]
[SourceTitle "playchess.com"]
[Source "ChessBase"]
[SourceQuality "1"]
[TimeControl "40/5400+30:1800+30"]

1. e4 c5 2. Nf3 Nc6 3. d4 cxd4 4. Nxd4 e5 5. Nb5 d6 6. a4 a6 7. N5a3 Be7 8. Nc3 Nf6 9. Bg5 O-O 10. Bxf6 Bxf6 11. Bc4 Be6 12. O-O Nd4 13. Nd5 b5 14. Bd3 Bxd5 15. exd5 b4 16. Nc4 Rb8 17. a5 Qc7 18. Nb6 Rfd8 19. Qd2 Qc5 20. Ra4 e4 21. Bxe4 Rxb6 22. axb6 Qb5 23. Rfa1 Ne2+ 24. Kh1 Bxb2 25. Bd3 Qxb6 26. Qxe2 Bxa1 27. Rxa1 a5 28. Qe3 Qc7 29. Qe4 g6 30. Qc4 Qb6 31. Kg1 Ra8 32. Qc6 Qd8 33. g3 Kg7 34. Re1 Rc8 35. Qb7 Rc3 36. Re7 Qf8 37. Rc7 Qe8 38. Re7 Qf8 39. Qd7 b3 40. Re8 b2 41. Re1 Qb8 42. Rb1 Qb4 43. Qa7 a4 44. Kg2 a3 45. Qa6 Qc5 46. Qa8 h5 47. h4 Qd4 48. Qa5 Qc5 49. Qa8 Qd4 50. Qa5 Qe5 51. Qb4 Qxd5+ 52. Be4 Qc5 53. Qa4 Rc4 54. Qa8 Rxe4 55. Qxe4 a2 56. Qe1 Qxc2 0-1

[Event "WSTCC-65 2024"]
[Site "Krakow"]
[Date "2024.07.04"]
[Round "3.13"]
[White "Pigott, John C"]
[Black "Ftacnik, Lubomir"]
[Result "1-0"]
[ECO "B96"]
[WhiteElo "2290"]
[BlackElo "2452"]
[Annotator "TA"]
[PlyCount "53"]
[EventDate "2024.07.01"]
[EventType "team-tourn"]
[EventCountry "POL"]
[SourceTitle "playchess.com"]
[Source "ChessBase"]
[SourceQuality "1"]
[TimeControl "40/5400+30:1800+30"]

1. e4 c5 2. Nf3 d6 3. d4 cxd4 4. Nxd4 Nf6 5. Nc3 a6 6. Bg5 e6 7. f4 Nbd7 8. Qf3 h6 (8... Qc7 $11 {feels stronger.}) 9. Bxf6 $14 Nxf6 10. O-O-O (10. Bc4 {is more complex.} b5 11. e5 dxe5 12. fxe5 Qxd4 13. Qxa8 Qxe5+ 14. Be2) 10... Qc7 $1 {[%emt 0:02:29] White has an edge.} 11. Bd3 {[%emt 0:19:15] Rhe1 would now be deadly.} Be7 12. Rhe1 O-O 13. e5 Ne8 ({Black should try} 13... dxe5 14. fxe5 Nh7) 14. Kb1 $1 $16 {[%emt 0:04:21] White is much more active.} Bd7 15. Qe4 g6 16. h4 Ng7 {[%emt 0:15:01] [#]} (16... Bc6 $16 17. Qe3 Bd7) 17. h5 $1 $18 Nxh5 18. g4 dxe5 $2 (18... Nxf4 19. Qxf4 Bg5) 19. gxh5 exd4 {[%emt 0:00:11] [#]} 20. Qxd4 ({And not} 20. Nd5 exd5 21. Qxe7 Rae8 $11) (20. Rg1 $1 $18 {[%cal Rg1g6] Threatening mate with Rxg6+!} f5 (20... dxc3 21. Rxg6+ Kh7 22. Rxh6+ Kxh6 23. Qh7#) 21. Rxg6+ (21. Qxd4 g5 $11) 21... Kf7 22. Qxd4) 20... g5 $11 21. Nd5 exd5 22. Rxe7 $40 {[%emt 0:00:07][%mdl 128] Intending fxg5 and mate. White is up to no good.} Qd6 $2 {[%emt 0:00:05][%mdl 8192] [#] A mistake that costs the game.} (22... Rae8 $11 {and Black has nothing to worry.} 23. Rde1 Rxe7 (23... Qxf4 $2 {perishes.} 24. Qxf4 gxf4 25. Rg1+ $18) 24. Rxe7 Qd6 (24... Qxf4 $2 25. Qxf4 gxf4 26. Rxd7 $18)) 23. Re5 $1 $18 {[%emt 0:00:08] White is clearly winning.} Bg4 24. Rg1 (24. Qxd5 $2 {loses.} Qxd5 25. Rxd5 Bxd1 $19) 24... f6 25. Rxd5 Qe7 26. fxg5 (26. Rxg4 $2 Qe1#) 26... hxg5 27. Qxg4 {[%emt 0:00:10] Weighted Error Value: White=0.22 (precise) /Black=0.77.  Loses game:     	---       	Black=1      Mistake:       	---       	Black=3      Inaccurate:     	---       	Black=2      OK:         	White=10    	Black=2      Best:        	White=3     	Black=1      Strong:       	White=1     	Black=1} (27. Rxg4 $2 Qe1#) 1-0

[Event "WSTCC-65 2024"]
[Site "Krakow"]
[Date "2024.07.04"]
[Round "3.13"]
[White "White, Alastair F"]
[Black "Renman, Nils-Gustaf"]
[Result "0-1"]
[ECO "A40"]
[WhiteElo "2022"]
[BlackElo "2314"]
[Annotator "TA"]
[PlyCount "74"]
[EventDate "2024.07.01"]
[EventType "team-tourn"]
[EventCountry "POL"]
[SourceTitle "playchess.com"]
[Source "ChessBase"]
[SourceQuality "1"]
[TimeControl "40/5400+30:1800+30"]

1. d4 e6 2. Nf3 f5 3. Bg5 Nf6 4. Nbd2 d5 5. e3 Bd6 6. Ne5 {[%emt 0:01:17] A80: Dutch Defence: Unusual White second moves.} O-O 7. g4 $146 ({Predecessor:} 7. Bxf6 Rxf6 8. f4 c5 9. c3 Qb6 10. Qb3 Bxe5 11. fxe5 Rf8 12. g3 Nc6 13. Be2 {1-0 Damljanovic,B (2543)-Markovic,I (2474) SRB-chT Kragujevac 2016 (3.2)}) 7... Nbd7 8. f4 Qe8 9. gxf5 exf5 10. Rg1 Kh8 11. Qf3 Ne4 12. Nxe4 fxe4 13. Qg3 Bxe5 ({Black should try} 13... Nxe5 $14 14. dxe5 Bc5) 14. dxe5 $16 (14. fxe5 $6 Rf3 15. Qh4 Nf8 $11) 14... Rg8 $2 {[%emt 0:10:06] [#]} (14... Qf7 $16 15. O-O-O Nb6) 15. O-O-O ({White must play} 15. Bh3 $1 $18) 15... Nb6 $16 16. Be2 Bf5 17. Qh4 Qe6 18. Rg3 c5 19. Bg4 Bxg4 20. Rxg4 d4 21. Rdg1 (21. exd4 Qxa2 22. f5 (22. dxc5 $2 Nc4 $19) 22... Rgd8 $19) (21. f5 $16 Qxf5 22. Rxe4 (22. exd4 cxd4 23. Rxe4 Rae8 $16)) 21... Nd5 $1 $11 (21... Qxa2 $2 22. Bf6 (22. exd4 $2 Nc4 $19) 22... Qa1+ (22... gxf6 23. Qxf6+) (22... Nc4 23. Qxh7+ Kxh7 24. Rh4#) 23. Kd2 dxe3+ (23... Qxb2 24. Qxh7+ Kxh7 25. Rh4#) (23... Nc4+ $2 24. Ke2 $18) 24. Kxe3 Nd5+ 25. Kf2 (25. Kxe4 Qa4+ 26. Kxd5 Qd4+ 27. Ke6 Qc4+ 28. Kd6 Qd4+ 29. Ke6 Qc4+ 30. Kd6 Qd4+ 31. Ke6 $11) 25... e3+ 26. Kf3 $18) 22. exd4 Ne3 23. R4g3 (23. d5 Qxd5 24. R4g3 Nf5 $15) 23... Nf5 24. Qg4 $2 (24. Qh5 $11 Nxd4 (24... Nxg3 25. hxg3 g6 26. Qh6 $18) 25. Rh3) 24... cxd4 $19 (24... Nxd4 25. Rh3 (25. Qxe6 Nxe6 26. Re1 Rgf8 $14) 25... Rgf8 (25... Qxa2 26. Rxh7+ Kxh7 27. Qh5#) 26. c3 Qxa2 27. cxd4 cxd4 28. Be7 Rac8+ 29. Rc3 Rxc3+ (29... Qa1+ 30. Kd2 $11) 30. bxc3 Qa1+ 31. Kc2 Qxc3+ 32. Kb1 Qb3+ 33. Ka1 Qc3+ 34. Ka2 Qc2+ 35. Ka1 Qc3+ 36. Kb1 Qb3+ 37. Ka1 Qc3+ $11) 25. Rh3 Raf8 $2 (25... h6 $19 {[%cal Oa8c8] aiming for ...Rac8!} 26. Rg2 e3) 26. Rxh7+ $2 (26. Qh5 $11 {and White is okay.} Nh6 (26... Qxa2 27. Qxh7#) (26... h6 27. Bf6 $16) 27. Bxh6 gxh6 28. Rxg8+ Qxg8 29. Rg3) 26... Kxh7 $19 27. Qh3+ Kg6 28. Bf6+ Kf7 29. Qh5+ g6 30. Qh7+ Rg7 31. Bxg7 Nxg7 32. Rg5 Qa6 (32... Qxa2 33. Qxg6+ (33. Rxg6 Ke8 $11) 33... Ke7 34. Qd6+ (34. Qxg7+ Rf7 $16) 34... Ke8 35. Qb8+ (35. Rxg7 Qa1+ 36. Kd2 e3+ 37. Ke2 Qa6+ 38. Qxa6 bxa6 $18) 35... Kf7 36. Qxb7+ Ke8 37. Rxg7 $18 (37. Qxg7 Qa1+ 38. Kd2 e3+ 39. Ke2 Qa6+ 40. Ke1 Qa5+ 41. Ke2 Qd2+ 42. Kf3 Qf2+ 43. Ke4 Qxf4+ 44. Kd5 d3 $11) (37. Qc6+ Kd8 $18) (37. Qxg7 Qa1+ 38. Kd2 e3+ 39. Ke2 Qa6+ 40. Ke1 Rxf4 $11) (37. Qc6+ Kd8 $18)) (32... Rg8 $142 {[%cal Oe4e3] ...e3! is the strong threat.} 33. h4 e3 (33... Qxa2 34. Qxg6+ Kf8 35. Qd6+ Kf7 36. Qd7+ Kf8 37. Qd6+ Kf7 38. Qd7+ Kf8 39. Qd8+ Kf7 40. Qd7+ $11)) 33. e6+ $2 (33. b3 {nothing else works.} d3 (33... Qxa2 34. Qxg6+ Ke7 35. Qd6+ Ke8 36. Qb8+ Kf7 37. Qc7+ Ke8 38. Qc8+ Ke7 39. Rxg7+ Rf7 40. Qc7+ Ke8 41. Qxf7+ Kd8 42. Rg8#) 34. f5 Qa3+ (34... Qxa2 35. Qxg6+ Ke7 36. Qd6+ Ke8 37. Qb8+ Kd7 38. Rxg7+ Kc6 39. Qd6+ Kb5 40. Rxb7+ Ka5 41. Rxa7+ Kb5 42. c4#) 35. Kd2 Qa5+ (35... Qxa2 36. Qxg6+ Ke7 37. Qd6+ Ke8 38. Qb8+ Kd7 39. Rxg7+ Kc6 40. Qd6+ Kb5 41. Rxb7+ Ka5 42. Qc5+ Ka6 43. Rxa7#) 36. Kc1) 33... Qxe6 $19 (33... Kxe6 $2 34. Qxg6+ (34. Qxg7 $2 Qf1+ 35. Kd2 e3#) 34... Ke7 35. Qxg7+ Rf7 36. Re5+ $18 (36. Qxd4 Qf1+ 37. Kd2 Qxf4+ 38. Qe3 Qxh2+ 39. Ke1 Qxc2 $11) (36. Qxd4 Qf1+ 37. Kd2 Qxf4+ 38. Qe3 Qxh2+ 39. Ke1 Qh4+ 40. Qg3 Qxg3+ 41. Rxg3 Kf6 $11)) 34. f5 Qd6 (34... Qxa2 $2 {loses.} 35. Qxg6+ Ke7 36. Qxg7+ Qf7 37. Qe5+ (37. Qxd4 Qf6 $18) 37... Kd8 38. Rg7 $18 (38. Qxe4 Qf6 $18) (38. Qxd4+ Qd7 $18) (38. Qxe4 Qf6 $18) (38. Qxd4+ Qd7 $18)) 35. Rxg6 $2 (35. Rg4 $19 g5 (35... gxf5 36. Rxg7+ Ke8 37. a3 $11) 36. h4) 35... Qf4+ 36. Kd1 Qf1+ 37. Kd2 e3# 0-1

[Event "WSTCC-65 2024"]
[Site "Krakow"]
[Date "2024.07.04"]
[Round "3.13"]
[White "Hogan, Pat"]
[Black "Freeman, Richard C P"]
[Result "0-1"]
[ECO "A40"]
[WhiteElo "1936"]
[BlackElo "1951"]
[Annotator "NA RC"]
[PlyCount "110"]
[EventDate "2024.07.01"]
[EventType "team-tourn"]
[EventCountry "POL"]
[SourceTitle "playchess.com"]
[Source "ChessBase"]
[SourceQuality "1"]
[TimeControl "40/5400+30:1800+30"]

1. d4 g6 2. Nf3 Bg7 3. e3 d6 4. Be2 Nf6 5. O-O O-O 6. c4 Nbd7 7. Nc3 e5 8. b4 c6 9. Bb2 e4 10. Nd2 d5 11. cxd5 cxd5 12. Qb3 Nb6 13. a4 Be6 14. a5 Nc8 15. b5 Nd6 16. Ba3 Re8 17. b6 axb6 18. Qxb6 Qxb6 19. axb6 Bf8 20. Bxd6 Rxa1 21. Rxa1 Bxd6 22. Nb5 Bb4 23. Nb3 Nd7 24. Ra7 Rb8 25. Na5 Bxa5 26. Rxa5 Nxb6 27. Nc7 Rc8 28. Rc5 Kf8 29. Nxe6+ fxe6 30. Rxc8+ Nxc8 31. Kf1 Ke7 32. Ke1 Kd6 33. Kd2 Ne7 34. Kc3 e5 35. dxe5+ Kxe5 36. Bb5 Nc6 37. Ba4 d4+ 38. exd4+ Nxd4 39. g3 g5 40. h3 e3 41. fxe3 Ne2+ 42. Kd2 Nxg3 43. Ke1 Ne4 44. Bd7 Nd6 45. Bg4 b5 46. Bd1 Ne4 47. Bb3 h6 48. Ke2 b4 49. Bc2 Nc5 50. Bb1 b3 51. Kf3 h5 52. Kg3 Ne4+ 53. Kg2 b2 54. Kh2 Nd2 55. Bd3 b1=Q 0-1

[Event "WSTCC-65 2024"]
[Site "Krakow"]
[Date "2024.07.04"]
[Round "3.14"]
[White "Plachetka, Jan"]
[Black "Baker, Chris W"]
[Result "1-0"]
[ECO "C67"]
[WhiteElo "2289"]
[BlackElo "2198"]
[Annotator "TA"]
[PlyCount "116"]
[EventDate "2024.07.01"]
[EventType "team-tourn"]
[EventCountry "POL"]
[SourceTitle "playchess.com"]
[Source "ChessBase"]
[SourceQuality "1"]
[TimeControl "40/5400+30:1800+30"]

1. e4 e5 2. Nf3 Nc6 3. Bb5 Nf6 4. O-O Nxe4 5. d4 Nd6 6. Bxc6 dxc6 7. dxe5 Nf5 8. Qxd8+ Kxd8 9. Nc3 a5 10. a4 h6 11. Rd1+ Ke8 12. h3 Be6 {[%emt 0:03:37] C67: Ruy Lopez: Berlin Defence: 4 0-0 Nxe4.} 13. b3 Bb4 14. Bb2 Rd8 $146 ({Predecessor:} 14... Bxc3 15. Bxc3 c5 16. Rd3 Ne7 17. Rad1 Nc6 18. R3d2 Ke7 19. Ne1 b6 20. f4 h5 {½-½ Azar,P (2469)-Krivonosovs,V (2470) Veinger mem-B corr 2002}) 15. Ne2 Rxd1+ 16. Rxd1 Bd5 17. Nfd4 Be4 18. Nxf5 Bxf5 19. Nd4 Bg6 20. g4 h5 21. Kg2 hxg4 22. hxg4 Bc5 23. Rd2 (23. Nf5 Bxf5 24. gxf5 Rh5 $17) 23... Bxd4 24. Bxd4 $11 {[%emt 0:00:20][%mdl 4096] Endgame. KRB-KRB} Ke7 (24... Be4+ $14 25. f3 Bd5) 25. Re2 $16 Rd8 26. Bc5+ Ke6 27. f4 Rd5 (27... Kd7 $16 {keeps fighting.} 28. f5 Bh7) 28. Bf8 ({White should play} 28. f5+ $18 Bxf5 29. gxf5+ Kxf5 30. Bf2 (30. Bf8 Rd8 $18)) 28... f5 29. exf6+ (29. Bxg7 fxg4 30. Kg3 Rd1 $15) 29... Kxf6 30. f5 Bh7 31. Kg3 {[%emt 0:01:03] Black must now prevent Ba3.} Kf7 32. Ba3 c5 {[%emt 0:00:24][%cal Bc6c5,Bc5c4][%mdl 32] [#]} 33. Bb2 $1 b6 34. Be5 g6 35. Kf4 (35. Bxc7 gxf5 36. g5 (36. Bxb6 fxg4 37. Bxa5 Rd1 $14) 36... c4 $11) 35... gxf5 36. gxf5 (36. Bxc7 Rd4+ 37. Ke5 Rd7 $11) 36... c4 37. Rg2 ({Of course not} 37. Bxc7 Rxf5+ 38. Ke3 Rf6 $11) ({Much worse is} 37. bxc4 Rc5 $11) 37... Bg8 (37... Kf8 $142) 38. Rg7+ ({Don't play} 38. Bxc7 $6 cxb3 39. cxb3 Rd3 $14) 38... Kf8 39. Rxc7 cxb3 40. cxb3 Rd1 (40... Rd8 $16) 41. Rc8+ $18 Kf7 42. Rb8 Rh1 $2 (42... Rf1+ 43. Kg4 Rg1+ 44. Bg3 Rd1 45. Rxb6 Ke8) 43. Rxb6 Rf1+ 44. Ke4 Re1+ 45. Kd4 Rf1 46. Rb7+ Ke8 47. f6 Rf3 $2 (47... Rd1+ 48. Kc3 Bf7 49. Re7+ Kf8) 48. b4 axb4 49. Rxb4 Kd7 50. a5 (50. Rb8 $142 Ba2 51. a5) 50... Ra3 51. Rb5 Ra4+ $2 (51... Ke6 52. Ke4 Bh7+ 53. Kf4 Ra4+ 54. Kg5 Bd3) 52. Ke3 (52. Kc5 $142) 52... Ke6 53. Bc3 {[%emt 0:00:00] And now Rb6+ would win.} Kd6 $2 (53... Kd7 54. Rb7+ Kc8) 54. Rb7 {[%emt 0:00:00] f7 would now be deadly.} Ra3 (54... Rc4 $142 55. Kd2 Rf4) 55. Kd2 (55. Kd3 $142 Ke6 56. Re7+ Kd6 57. Ra7) 55... Ra2+ 56. Kd3 Rf2 57. a6 {[%emt 0:00:00] Hoping for a7.} Kc6 58. Rg7 Bd5 1-0

[Event "WSTCC-65 2024"]
[Site "Krakow"]
[Date "2024.07.04"]
[Round "3.14"]
[White "Hammar, Bengt"]
[Black "Bhopal, Raj"]
[Result "1-0"]
[ECO "B01"]
[WhiteElo "2127"]
[BlackElo "1991"]
[Annotator "NA RC"]
[PlyCount "97"]
[EventDate "2024.07.01"]
[EventType "team-tourn"]
[EventCountry "POL"]
[SourceTitle "playchess.com"]
[Source "ChessBase"]
[SourceQuality "1"]
[TimeControl "40/5400+30:1800+30"]

1. e4 d5 2. exd5 Qxd5 3. Nc3 Qd6 4. d4 Nf6 5. Nf3 a6 6. g3 b5 7. Bg2 Bb7 8. O-O e6 9. Re1 Be7 10. Bf4 Qb6 11. a4 c6 12. Ne5 O-O 13. Be3 Nd5 14. Nxd5 cxd5 15. axb5 axb5 16. Rxa8 Bxa8 17. Bf1 f6 18. Nd3 Na6 19. Bh3 Bb7 20. Bd2 Bc8 21. Qe2 f5 22. c3 Bf6 23. b4 Bd7 24. Bf1 Re8 25. h4 g6 26. Ra1 Rc8 27. Ra3 Nc7 28. Bf4 Kf7 29. Ne5+ Bxe5 30. Qxe5 Ne8 31. Bg5 Kg8 32. h5 Qd6 33. hxg6 hxg6 34. Qe3 Qc7 35. Bf4 Qd8 36. Be5 g5 37. Ra7 Bc6 38. Be2 Ra8 39. Rxa8 Bxa8 40. Bxb5 Ng7 41. Be2 Qe7 42. Qc1 Qd8 43. Qa3 Qc8 44. Qa7 Qb7 45. Qa5 Qc8 46. Ba6 Qxc3 47. Qd8+ Kh7 48. Qe7 Qa1+ 49. Bf1 1-0

[Event "WSTCC-65 2024"]
[Site "Krakow"]
[Date "2024.07.04"]
[Round "3.14"]
[White "Wood, Peter R"]
[Black "Noone, Joe"]
[Result "1/2-1/2"]
[ECO "B24"]
[WhiteElo "1948"]
[BlackElo "1906"]
[Annotator "NA RC"]
[PlyCount "36"]
[EventDate "2024.07.01"]
[EventType "team-tourn"]
[EventCountry "POL"]
[SourceTitle "playchess.com"]
[Source "ChessBase"]
[SourceQuality "1"]
[TimeControl "40/5400+30:1800+30"]

1. e4 c5 2. Nc3 Nc6 3. g3 g6 4. Bg2 Bg7 5. d3 e6 6. Be3 Nd4 7. Nce2 Ne7 8. c3 Nxe2 9. Nxe2 b6 10. O-O Bb7 11. Qd2 O-O 12. Bh6 d5 13. Bxg7 Kxg7 14. Rad1 Qc7 15. Qg5 h6 16. Qe3 Rad8 17. f4 Rd7 18. g4 f5 1/2-1/2

[Event "WSTCC-65 2024"]
[Site "Krakow"]
[Date "2024.07.04"]
[Round "3.15"]
[White "Povah, Nigel E"]
[Black "Lanc, Alois"]
[Result "1/2-1/2"]
[ECO "A45"]
[WhiteElo "2179"]
[BlackElo "2256"]
[Annotator "TA"]
[PlyCount "50"]
[EventDate "2024.07.01"]
[EventType "team-tourn"]
[EventCountry "POL"]
[SourceTitle "playchess.com"]
[Source "ChessBase"]
[SourceQuality "1"]
[TimeControl "40/5400+30:1800+30"]

1. d4 Nf6 2. Bg5 c5 3. d5 Ne4 4. Bf4 Qb6 5. Bc1 e6 6. f3 Nf6 7. e4 d6 8. Na3 exd5 9. exd5 Be7 10. c4 O-O 11. Bd3 Qd8 12. Ne2 Nbd7 13. f4 Ne8 14. O-O f5 15. Qc2 g6 16. Bd2 a6 17. Nb1 ({Günstiger ist} 17. Rae1) 17... Bf6 (17... b5 $142) 18. a4 $11 a5 19. Na3 Nb8 20. Rae1 Na6 21. Bc3 b6 22. Nb5 Nec7 23. Nxc7 Nxc7 24. Bxf6 Qxf6 25. Qc3 Qf7 {Gewichteter Fehlerwert: Weiß=0.12 (sehr präzise) /Schwarz=0.11 (sehr präzise) .  Fehler:       	Weiß=1     	Schwarz=1     Ungenau:       	Weiß=2     	---        OK:         	Weiß=6     	Schwarz=8} 1/2-1/2

[Event "WSTCC-65 2024"]
[Site "Krakow"]
[Date "2024.07.04"]
[Round "3.15"]
[White "Marks, Ian A"]
[Black "Algars, Olle"]
[Result "0-1"]
[ECO "B24"]
[WhiteElo "1932"]
[BlackElo "1883"]
[Annotator "NA RC"]
[PlyCount "52"]
[EventDate "2024.07.01"]
[EventType "team-tourn"]
[EventCountry "POL"]
[SourceTitle "playchess.com"]
[Source "ChessBase"]
[SourceQuality "1"]
[TimeControl "40/5400+30:1800+30"]

1. e4 c5 2. Nc3 Nc6 3. Bb5 g6 4. Bxc6 dxc6 5. d3 Bg7 6. f4 Nf6 7. Nf3 Bg4 8. O-O Qd7 9. a4 Bxf3 10. Qxf3 Qg4 11. Qf2 Qd7 12. h3 b6 13. a5 O-O 14. Be3 Rfd8 15. Na4 Qb7 16. Ra3 e6 17. Rfa1 Bf8 18. f5 exf5 19. axb6 axb6 20. Rb3 b5 21. Raa3 c4 22. Nc5 Bxc5 23. Rxa8 Rxa8 24. dxc4 Nxe4 25. Qf3 Ra1+ 26. Kh2 Bd6+ 0-1

[Event "WSTCC-65 2024"]
[Site "Krakow"]
[Date "2024.07.04"]
[Round "3.15"]
[White "Matthews, Gabriel"]
[Black "Reuben, Stewart"]
[Result "1/2-1/2"]
[ECO "A47"]
[WhiteElo "1917"]
[BlackElo "1995"]
[Annotator "NA RC"]
[PlyCount "58"]
[EventDate "2024.07.01"]
[EventType "team-tourn"]
[EventCountry "POL"]
[SourceTitle "playchess.com"]
[Source "ChessBase"]
[SourceQuality "1"]
[TimeControl "40/5400+30:1800+30"]

1. d4 Nf6 2. Nf3 b6 3. Bg5 Ne4 4. Bf4 e6 5. Nbd2 Bb7 6. Nxe4 Bxe4 7. e3 d5 8. Ne5 c6 9. f3 Bg6 10. h4 f6 11. Nxg6 hxg6 12. Bd3 Kf7 13. Kf2 Bd6 14. Bxd6 Qxd6 15. c4 Nd7 16. Qc2 f5 17. Rac1 Rac8 18. cxd5 cxd5 19. Qxc8 Rxc8 20. Rxc8 Qb4 21. Rhc1 Nc5 22. Rc7+ Kf6 23. dxc5 Qd2+ 24. Be2 Qxc1 25. cxb6 Qxb2 26. b7 f4 27. Rd7 Qb6 28. a4 Qxe3+ 29. Kf1 Qc1+ 1/2-1/2

[Event "WSTCC-65 2024"]
[Site "Krakow"]
[Date "2024.07.04"]
[Round "3.16"]
[White "Petran, Peter"]
[Black "Beaumont, Chris R"]
[Result "1-0"]
[ECO "A00"]
[WhiteElo "2195"]
[BlackElo "2198"]
[Annotator "RC"]
[PlyCount "73"]
[EventDate "2024.07.01"]
[EventType "team-tourn"]
[EventCountry "POL"]
[SourceTitle "playchess.com"]
[Source "ChessBase"]
[SourceQuality "1"]
[TimeControl "40/5400+30:1800+30"]

1. g3 c5 2. Bg2 g6 3. e4 Bg7 4. Ne2 Nc6 5. c3 e5 6. d3 Nge7 7. Be3 d6 8. O-O O-O 9. d4 exd4 10. cxd4 Qb6 11. Nbc3 cxd4 12. Na4 Qa6 13. Nxd4 Nxd4 14. Bxd4 Bxd4 15. Qxd4 Nc6 16. Qd1 Ne5 17. Nc3 Bg4 18. f3 Be6 19. Qd4 Rfd8 20. f4 Nc6 21. Qf6 Qb6+ 22. Rf2 Qd4 23. Qxd4 Nxd4 24. Rd2 Nc6 25. h3 Kf8 26. g4 f6 27. Rad1 Ke7 28. b3 a6 29. Na4 g5 30. Nb6 Rab8 31. Nd5+ Bxd5 32. exd5 Na7 33. Re1+ Kd7 34. Be4 h6 35. Bf5+ Kc7 36. Re7+ Kb6 37. Re6 1-0

[Event "WSTCC-65 2024"]
[Site "Krakow"]
[Date "2024.07.04"]
[Round "3.16"]
[White "Scowen, Roger S"]
[Black "Murray, Jim G."]
[Result "1/2-1/2"]
[ECO "B34"]
[WhiteElo "1888"]
[BlackElo "1884"]
[Annotator "NA RC"]
[PlyCount "61"]
[EventDate "2024.07.01"]
[EventType "team-tourn"]
[EventCountry "POL"]
[SourceTitle "playchess.com"]
[Source "ChessBase"]
[SourceQuality "1"]
[TimeControl "40/5400+30:1800+30"]

1. e4 c5 2. Nf3 Nc6 3. d4 cxd4 4. Nxd4 Nf6 5. Nc3 e5 6. Nxc6 bxc6 7. f3 Bb4 8. Bd2 d5 9. Bd3 O-O 10. O-O Rb8 11. Rb1 Bc5+ 12. Kh1 Be6 13. b3 Nd7 14. f4 f6 15. f5 Bf7 16. Qg4 Kh8 17. Rf3 Rg8 18. Rh3 g5 19. fxg6 Bxg6 20. Qh4 d4 21. Ne2 Be7 22. Qf2 Nb6 23. Ng3 Qe8 24. Nf5 Bd8 25. a4 Bxf5 26. Qxf5 Qg6 27. Rg3 Qxf5 28. Rxg8+ Kxg8 29. exf5 Kg7 30. g4 Be7 31. Kg2 1/2-1/2

[Event "WSTCC-65 2024"]
[Site "Krakow"]
[Date "2024.07.04"]
[Round "3.16"]
[White "Dalling, Peter"]
[Black "McAndrew, Robert"]
[Result "1/2-1/2"]
[ECO "B11"]
[WhiteElo "1877"]
[BlackElo "1926"]
[Annotator "NA RC"]
[PlyCount "90"]
[EventDate "2024.07.01"]
[EventType "team-tourn"]
[EventCountry "POL"]
[SourceTitle "playchess.com"]
[Source "ChessBase"]
[SourceQuality "1"]
[TimeControl "40/5400+30:1800+30"]

1. e4 c6 2. Nc3 d5 3. Nf3 Bg4 4. e5 c5 5. Bb5+ Nc6 6. h3 Bxf3 7. Qxf3 e6 8. d3 Qc7 9. Bf4 Nge7 10. O-O Rd8 11. Rfe1 Ng6 12. Bg3 Be7 13. Rad1 O-O 14. Bxc6 Qxc6 15. Qg4 f5 16. exf6 Rxf6 17. h4 Nf8 18. h5 Rf5 19. Re5 Bf6 20. Rxf5 exf5 21. Qxf5 Ne6 22. Be5 Nd4 23. Bxd4 Bxd4 24. Rf1 b5 25. Nd1 Rf8 26. Qg4 Qe8 27. c3 Be5 28. g3 Bd6 29. Kg2 Qe5 30. Ne3 d4 31. cxd4 cxd4 32. Nc2 Qd5+ 33. Qe4 Qf7 34. Nxd4 Bc5 35. Nf3 Re8 36. Qg4 Qxa2 37. d4 Bd6 38. Qd7 Qe6 39. Qxa7 Qd5 40. Qd7 Re4 41. Rc1 Rxd4 42. Rc8+ Bf8 43. Qxd5+ Rxd5 44. g4 Kf7 45. Rc6 Be7 1/2-1/2

[Event "WSTCC-65 2024"]
[Site "Krakow"]
[Date "2024.07.04"]
[Round "3.17"]
[White "Beilfuss, Wilfried"]
[Black "Chubar, Vladimir"]
[Result "1/2-1/2"]
[ECO "A89"]
[WhiteElo "2059"]
[BlackElo "1836"]
[Annotator "NA RC"]
[PlyCount "57"]
[EventDate "2024.07.01"]
[EventType "team-tourn"]
[EventCountry "POL"]
[SourceTitle "playchess.com"]
[Source "ChessBase"]
[SourceQuality "1"]
[TimeControl "40/5400+30:1800+30"]

1. Nf3 g6 2. d4 Bg7 3. c4 d6 4. g3 f5 5. Bg2 Nf6 6. O-O O-O 7. Nc3 Nc6 8. d5 Ne5 9. Nxe5 dxe5 10. c5 e4 11. Qb3 Kh8 12. Rd1 b6 13. f3 bxc5 14. fxe4 fxe4 15. Nxe4 Nxe4 16. Bxe4 Bh3 17. Qc2 Qd6 18. Be3 Bd4 19. Bxd4+ cxd4 20. Qd3 Qe5 21. Bf3 Rab8 22. b3 Rb4 23. Qd2 a5 24. Rac1 Kg7 25. Rc4 Rxc4 26. bxc4 Rb8 27. Qxd4 Qxd4+ 28. Rxd4 Rb2 29. a3 1/2-1/2